 Dungeon Crawl Stone Soup version 0.27.1-3-gb3d3a73c9e (webtiles) character file.

Game seed: 16231395487402309393

1260 vatarom the Caller (level 8, -2/63 HPs)
             Began as a Merfolk Summoner on Oct 15, 2021.
             Slain by a vampire mosquito (10 damage)
             ... on level 6 of the Dungeon.
             The game lasted 00:15:33 (10876 turns).

vatarom the Caller (Merfolk Summoner)              Turns: 10876, Time: 00:15:34

Health: -2/63      AC:  9    Str:  9    XL:     8   Next: 52%
Magic:  4/14       EV: 12    Int: 16    God:
Gold:   1147       SH:  0    Dex: 16    Spells: 5/15 levels left

rFire    . . .     SeeInvis .   x - +0 spear
rCold    . . .     Faith    .   (no shield)
rNeg     . . .     Spirit   .   q - +3 leather armour {rPois}
rPois    +         Reflect  .   p - +0 helmet
rElec    .         Harm     .   (no cloak)
rCorr    .         Rampage  .   t - +0 pair of gloves
Will     .....                  n - +0 pair of boots
Stlth    ++........             g - amulet of the acrobat
HPRegen  0.20/turn              w - ring of wizardry
MPRegen  0.14/turn              y - ring "Bamai" {Fly Dex+2}

@: about to teleport, flying
A: (nimble swimmer 2), mertail
a: no special abilities


You were on level 6 of the Dungeon.
You visited 1 branch of the dungeon, and saw 6 of its levels.

You collected 1147 gold pieces.

Inventory:

Hand Weapons
 s - a +0 halberd
 x - a +0 spear (weapon)
Missiles
 h - 7 atropa-tipped darts
 v - 19 poisoned darts
Armour
 n - a +0 pair of boots (worn)
 p - a +0 helmet (worn)
 q - a +3 leather armour of poison resistance (worn)
 t - a +0 pair of gloves (worn)
Jewellery
 c - a ring of protection from cold
 d - a ring of willpower
 g - an amulet of the acrobat (around neck)
 u - a ring of protection from cold
 w - a ring of wizardry (left hand)
 y - the ring "Bamai" (right hand) {Fly Dex+2}
   (You took it off an orc on level 4 of the Dungeon)

   [ring of flight]

   Dex:       It affects your dexterity (+2).
   Fly:       It grants you flight.
 z - a +6 ring of strength
Wands
 l - a wand of flame (7)
Scrolls
 a - a scroll of enchant weapon {unknown}
 b - 2 scrolls of vulnerability
 e - a scroll of silence
 f - a scroll of noise {unknown}
 j - a scroll of fog {unknown}
 k - a scroll of blinking {unknown}
 r - 5 scrolls of identify {unknown}
Potions
 i - a potion of cancellation
 o - a potion of heal wounds {@q2}


   Skills:
 + Level 5.4 Fighting
 + Level 4.7 Polearms
 - Level 2.6 Dodging
 - Level 2.1 Stealth
 + Level 4.2 Spellcasting
 + Level 6.2 Summonings
 * Level 3.6 Air Magic


You had 5 spell levels left.
You knew the following spells:

 Your Spells              Type           Power      Damage    Failure   Level
a - Summon Small Mammal   Summ           92%        N/A       1%          1
b - Call Imp              Summ           23%        N/A       1%          2
c - Call Canine Familiar  Summ           23%        N/A       2%          3
x - Summon Lightning Spi  Summ/Air       19%        N/A       12%         4

Your spell library contained the following spells:

 Spells                   Type           Power      Damage    Failure   Level
 Summon Guardian Golem    Hex/Summ       13%        N/A       8%          3
 Ensorcelled Hibernation  Hex/Ice        6%         N/A       14%         2
 Spider Form              Tmut/Pois      1%         N/A       26%         3
 Shadow Creatures         Summ           N/A        N/A       69%         6


Dungeon Overview and Level Annotations

Branches:
Dungeon (6/15)
 Temple: D:4-7

Altars:
Okawaru
Sif Muna
Vehumet
Beogh


Innate Abilities, Weirdness & Mutations

((You are quick and stealthy near water. (Stealth+, EV+, Speed+++)))
Your lower body shifts to a powerful aquatic tail in water.


Message History

Casting: Call Canine Familiar (dangerous; 2% risk of failure)
Confirm with . or Enter, or press ? or * to list all spells.
A beastly little devil appears in a puff of flame.
The vampire mosquito barely misses you. x3
Casting: Call Imp (safe; 1% risk of failure)
Confirm with . or Enter, or press ? or * to list all spells.
A shadowy apparition takes form in the air.
The vampire mosquito closely misses you. x2
The vampire mosquito bites you.
* * * LOW HITPOINT WARNING * * *
The vampire mosquito draws strength from your injuries!
The vampire mosquito closely misses you. x2
The vampire mosquito bites you but does no damage.
You swap places.
The vampire mosquito misses your crimson imp.
The vampire mosquito bites your crimson imp!
Casting: Call Imp (safe; 1% risk of failure)
Confirm with . or Enter, or press ? or * to list all spells.
A shadowy apparition takes form in the air.
The vampire mosquito bites your crimson imp!
Your crimson imp dies!
The vampire mosquito closely misses you.
The vampire mosquito bites you.
* * * LOW HITPOINT WARNING * * *
The vampire mosquito draws strength from your injuries!
Your shadow imp closely misses the vampire mosquito.
You swap places.
The vampire mosquito bites your shadow imp!
Your shadow imp dies!
Your shadow imp hits the vampire mosquito.
As you read the scroll of teleportation {@r3}, it crumbles to dust.
You feel strangely unstable. The vampire mosquito bites you.
* * * LOW HITPOINT WARNING * * *
The vampire mosquito draws strength from your injuries!
The vampire mosquito bites you.
* * * LOW HITPOINT WARNING * * *
The vampire mosquito draws strength from your injuries!
The vampire mosquito closely misses you.
The vampire mosquito bites you!
You die...

................##...............
.................#...............
...≈≈≈.......##..#.########......
≈≈≈≈#≈.....8.....#.# #......
#≈≈≈≈..######...#.# ##....#
≈≈≈#≈≈≈.######...#.# #....#
#≈≈≈≈#≈...(....5y#.# #....#
≈≈#≈≈≈≈..#.....yy#.# #....#
≈≈≈≈#≈≈≈.#.#####@..# #....#
≈#≈≈≈≈#≈.#.# ##..# #....#
≈≈≈#≈≈≈≈.#.# #..# #....#
#y≈≈≈....#.#######># #....#
≈≈....#.##......#### ######
...####.#######.# ..yyh......#
#.# ##########.# #.# #.####.#


You could see 3 vampire mosquitoes and a friendly shadow imp (summoned).

Vanquished Creatures
  Eustachio (D:4)
  A water moccasin (D:6)
  A centaur zombie (D:6)
  A hound (D:5)
  2 orc wizards (D:3)
  Robin (D:3)
  2 adders (D:2)
  A nameless horror (D:3)
  A shadow imp (D:5)
  An adder skeleton (D:4)
  3 dart slugs
  8 orcs
  3 ball pythons
  3 bats
  5 endoplasms
  A giant cockroach (D:1)
  6 goblins
  7 hobgoblins
  A quokka (D:1)
  A frilled lizard (D:3)
  A kobold (D:4)
  4 rats
55 creatures vanquished.

Vanquished Creatures (collateral kills)
  A vampire mosquito (D:6)
  Duvessa (D:5)
  A water moccasin (D:5)
  2 sky beasts (D:6)
  An ogre (D:4)
  A phantom (D:4)
  A bullfrog (D:6)
  2 scorpions (D:6)
  Dowan (D:5)
  A howler monkey (D:4)
  3 centaur zombies
  A hound (D:5)
  2 jellies (D:5)
  An orc priest (D:4)
  A bullfrog skeleton (D:6)
  An iguana (D:5)
  7 gnolls
  3 adders
  2 white imps (D:6)
  2 nameless horrors
  An ufetubus (D:6)
  2 worms
  16 orcs
  A ball python (D:1)
  An endoplasm (D:1)
  10 goblins
  9 hobgoblins
  A quokka (D:3)
  A bat (D:1)
  A frilled lizard (D:1)
  2 kobolds (D:1)
  4 rats
84 creatures vanquished.

Vanquished Creatures (others)
  2 demonic plants (D:1)
2 creatures vanquished.

Grand Total: 141 creatures vanquished

Notes
Turn   | Place    | Note
-------+----------+-------------------------------------------
     0 | D:1      | vatarom the Merfolk Summoner began the quest for the Orb.
     0 | D:1      | Reached XP level 1. HP: 13/13 MP: 3/3
   510 | D:1      | Reached skill level 1 in Fighting
   510 | D:1      | Reached XP level 2. HP: 17/21 MP: 5/5
   576 | D:1      | Learned a level 2 spell: Call Imp
  1460 | D:1      | Reached XP level 3. HP: 24/26 MP: 0/6
  1589 | D:1      | Found a faded altar of an unknown god.
  1589 | D:1      | Noticed a smoke demon
  2521 | D:2      | Learned a level 3 spell: Call Canine Familiar
  2752 | D:2      | Reached XP level 4. HP: 33/33 MP: 1/7
  4065 | D:3      | Noticed Robin
  4092 | D:3      | Reached XP level 5. HP: 28/40 MP: 2/9
  4137 | D:3      | Killed Robin
  4138 | D:3      | Reached skill level 5 in Summonings
  4525 | D:3      | Reached skill level 1 in Polearms
  4925 | D:4      | Reached XP level 6. HP: 45/47 MP: 10/10
  4967 | D:4      | Learned a level 4 spell: Summon Lightning Spire
  5864 | D:5      | Entered Level 5 of the Dungeon
  5950 | D:5      | Noticed an orc warrior
  6076 | D:5      | Identified the ring "Bamai" {Fly Dex+2}
  6706 | D:5      | Noticed Eustachio
  6756 | D:4      | Killed Eustachio
  6757 | D:4      | Reached skill level 1 in Air Magic
  7095 | D:4      | Reached XP level 7. HP: 47/55 MP: 1/11
  7344 | D:5      | Noticed Duvessa
  7344 | D:5      | Noticed Dowan
  7677 | D:5      | Noticed a wyvern
  8421 | D:5      | Found an iron altar of Okawaru.
  8800 | D:5      | Killed Duvessa
  8955 | D:5      | Killed Dowan
  9012 | D:5      | Identified a scroll of acquirement
  9012 | D:5      | Acquired 708 gold pieces
  9356 | D:6      | Reached skill level 5 in Fighting
  9356 | D:6      | Reached skill level 6 in Summonings
  9356 | D:6      | Reached XP level 8. HP: 53/62 MP: 9/13
 10260 | D:6      | Found a shimmering blue altar of Sif Muna.
 10319 | D:6      | Found a radiant altar of Vehumet.
 10876 | D:6      | Slain by a vampire mosquito

Illustrated notes

Levels and vault maps discovered:
D:1:      elethiomel_arrival_infinity_welcomes_careful_drivers,
          layout_loops_ring, dreamdust_ecumenical_altar_sealed_demon
D:2:      layout_loops_ring
D:3:      layout_basic, st_stairs_10, uniq_robin
D:4:      layout_loops_ring, kennysheep_orc_chapel
D:5:      layout_basic, lemuel_coloured_pillars_altar, grunt_ministairs_2,
          uniq_duvessa, uniq_eustachio
D:6:      layout_basic, minitemple, nicolae_lava_and_water

Skill      XL: |  1  2  3  4  5  6  7  8 |
---------------+-------------------------+-----
Fighting       | 1 2 3 4 5 |  5.4
Summonings     | 5 6 |  6.2
Polearms       | 1 2 3 4 |  4.7
Spellcasting   | 3 4 |  4.2
Air Magic      | 1 2 3 |  3.6
Dodging        | |  2.6
Stealth        | |  2.1

Action                   |  1- 3 |  4- 6 |  7- 9 || total
-------------------------+-------+-------+-------++-------
Melee: Rapier            |    61 |       |       ||    61
       Dagger            |    12 |    41 |       ||    53
       Halberd           |       |    82 |       ||    82
       Spear             |       |    51 |   177 ||   228
Throw: Dart              |     1 |       |       ||     1
 Cast: Summon Small Mamm |     7 |     1 |       ||     8
       Call Imp          |    24 |    26 |    14 ||    64
       Call Canine Famil |     2 |    22 |    28 ||    52
       Summon Lightning  |       |       |    17 ||    17
Evoke: Wand              |       |       |     6 ||     6
  Use: Potion            |       |     9 |     3 ||    12
       Scroll            |       |     2 |     6 ||     8
 Stab: Sleeping          |     4 |     7 |       ||    11
       Distracted        |       |     2 |       ||     2
Armor: Robe              |    18 |    28 |       ||    46
       Leather armour    |       |    12 |    87 ||    99
       Skin              |       |     7 |       ||     7
Dodge: Dodged            |    54 |   119 |   159 ||   332
